AoeStats
← Lakmec

Arena

510548560Analyzed
1v1 RM · 2d ago on Oct 1, 2026· 49m 7s· 2 players
Game mode
Random Map
Map size
Tiny (2 player)
Population
200
Speed
Normal
Resources
Standard
Victory
Conquest
Starting age
Dark Age
Ending age
Imperial Age
RankedLock teamsTeams togetherTeam positionsShared explorationLock speedFull tech treeHidden civsTurbo modeCheats
Victory
Defeat
1238
+17
🇹🇷 Lithuanians · Türkiye
1261
-17
Алгоритм выполне
4:07 Loom
11:50 Feudal Age
15:27 Castle Age
13:48 Horse Collar
14:05 Loom
14:31 Double-Bit Axe
15:42 Light Cavalry
28:35 Bow Saw
30:03 Gold Mining
31:09 Stone Mining
34:05 Imperial Age
31:23 Town Watch
32:14 Wheelbarrow
32:03 Scale Barding Armor
32:01 Heavy Plow
32:39 Gold Shaft Mining
32:21 Bloodlines
33:31 Murder Holes
33:47 Masonry
33:50 Fortified Wall
34:08 Heavy Camel Rider
35:21 Chain Barding Armor
36:49 Plate Barding Armor
37:02 Husbandry
38:46 Hoardings
39:23 Hand Cart
40:04 Masonry
40:55 Chemistry
40:32 Conscription
40:49 Forging
40:40 Scale Mail Armor
40:31 Fletching
40:42 Padded Archer Armor
41:22 Crop Rotation
42:40 Stone Shaft Mining
42:23 Siege Engineers
41:59 Treadmill Crane
42:23 Maghrebi Camels
42:26 Kasbah
41:51 Cavalier
42:47 Redemption
42:14 Man-at-Arms
42:54 Squires
42:40 Arson
43:02 Long Swordsman
43:03 Pikeman
43:34 Two-Handed Swordsman
44:52 Iron Casting
44:32 Chain Mail Armor
44:35 Guilds
44:26 Caravan
44:58 Coinage
44:02 Hussar
44:36 Arrowslits
44:41 Guard Tower
45:13 Ballistics
45:06 Elite Genitour
45:07 Elite Skirmisher
45:11 Champion
46:10 Thumb Ring
45:26 Crossbowman
46:15 Heated Shot
47:14 Theocracy
47:05 Illumination
46:52 Fervor
46:44 Atonement
46:41 Herbal Medicine
46:50 Devotion
46:32 Heavy Cavalry Archer
Lakmec
8:57 Feudal Age
11:50 Double-Bit Axe
12:31 Horse Collar
18:45 Castle Age
18:03 Scale Barding Armor
18:30 Forging
20:58 Gold Mining
21:09 Heavy Plow
21:38 Bow Saw
24:00 Husbandry
24:45 Chain Barding Armor
25:49 Wheelbarrow
28:27 Stone Mining
30:45 Iron Casting
35:12 Imperial Age
33:13 Bloodlines
32:31 Light Cavalry
34:21 Loom
35:25 Capped Ram
36:42 Plate Barding Armor
37:55 Pikeman
38:35 Squires
38:36 Scale Mail Armor
38:53 Halberdier
42:19 Two-Man Saw
44:37 Hand Cart
Connection lost

Rejoining the realm…

Still unreachable

The connection could not be restored.

Session expired

The server has moved on; the page needs a fresh start.